 Dungeon Crawl Stone Soup version 0.29.1-1-gd02db6906a (webtiles) character file.

Game seed: 12463111867561502029

1206 raistware the Destroyer (level 8, 0/48 HPs)
             Began as an Octopode Conjurer on Sept 29, 2022.
             Slain by a gnoll
             ... wielding a +0 whip
             ... led by a gnoll sergeant
              (4 damage)
             ... on level 6 of the Dungeon.
             The game lasted 00:10:05 (6528 turns).

raistware the Destroyer (Octopode Conjurer)         Turns: 6528, Time: 00:10:05

Health: 0/48       AC:  5    Str:  6    XL:     8   Next: 45%
Magic:  1/17       EV: 13    Int: 23    God:
Gold:   193        SH:  0    Dex: 10    Spells: 14/19 levels left

rFire   . . .      SeeInvis .   n - staff of air
rCold   . . .      Faith    .   (no shield)
rNeg    . . .      Spirit   .   (helmet restricted)
rPois   .          Reflect  .   (no amulet)
rElec   +          Harm     .   p - +4 ring of protection
rCorr   .          Rampage  .   u - ring of flight
Will    .....                   (no ring)
Stlth   +++.......              (no ring)
HPRegen 0.16/turn               (no ring)
MPRegen 0.15/turn               (no ring)
                                (no ring)
                                (no ring)

@: flying
A: almost no armour, amphibious, 8 rings, camouflage 1, gelatinous body 1,
(nimble swimmer 1), tentacles
a: no special abilities


You were on level 6 of the Dungeon.
You visited 1 branch of the dungeon, and saw 6 of its levels.

You collected 193 gold pieces.

Inventory:

Missiles
 j - a javelin
Magical Staves
 n - a staff of air (weapon)
 o - a staff of cold
Jewellery
 p - a +4 ring of protection (left tentacle)
 u - a ring of flight (right tentacle)
Scrolls
 a - 2 scrolls of torment {unknown}
 c - 6 scrolls of identify {unknown}
 d - a scroll of brand weapon {unknown}
 e - a scroll of vulnerability {unknown}
 g - a scroll of fear {unknown}
 h - a scroll of silence {unknown}
 k - 4 scrolls of teleportation {unknown}
 l - 3 scrolls of enchant armour {unknown}
 m - a scroll of poison {unknown}
 q - a scroll of magic mapping {unknown}
 r - a scroll of butterflies {unknown}
Potions
 b - 2 potions of haste {unknown}
 f - a potion of cancellation {unknown}
 i - a potion of might
 s - a potion of attraction {unknown}
 t - a potion of brilliance


   Skills:
 - Level 1.0 Fighting
 + Level 2.2 Dodging
 - Level 2.6 Stealth
 - Level 6.0 Spellcasting
 - Level 8.0 Conjurations
 - Level 2.0 Translocations
 - Level 1.0 Air Magic
 - Level 1.0 Evocations


You had 14 spell levels left.
You knew the following spells:

 Your Spells              Type           Power      Damage    Failure   Level
a - Magic Dart            Conj           100%       1d8       1%          1
b - Iskenderun's Mystic   Conj/Tloc      29%        2d7       11%         4

Your spell library contained the following spells:

 Spells                   Type           Power      Damage    Failure   Level
 Searing Ray              Conj           86%        2d7       1%          2
 Dazzling Flash           Conj/Hex       50%        N/A       4%          3
 Necrotise                Necr           24%        1d5       9%          1
 Fulminant Prism          Conj/Hex       12%        3d9       16%         4
 Vampiric Draining        Necr           6%         2d6       26%         3
 Agony                    Necr           6%         N/A       93%         5


Dungeon Overview and Level Annotations

Branches:
Dungeon (6/15)             Temple (0/1) D:6

Altars:
Gozag
Hepliaklqana
Nemelex Xobeh
Xom
Zin
The Shining One

Annotations:
D:2 Robin, Sigmund, Terence


Innate Abilities, Weirdness & Mutations

You cannot wear most types of armour.
You are amphibious.
You can wear up to eight rings at the same time.
Your skin changes colour to match your surroundings (Stealth+).
Your rubbery body absorbs attacks. (AC +1, EV +1)
((You are camouflaged when in or above water. (Stealth+)))
You have tentacles for arms and can constrict up to eight enemies at once.


Message History

Aim: a gnoll sergeant, wielding a +0 spear and wearing a +0 ring mail (almost dead, 62% to hit)
You throw a javelin.
The javelin barely misses the gnoll sergeant.
The gnoll sergeant hits you from afar with a +0 spear.
Throw: 2 javelins
Press: ? - help, Shift-Dir - straight line, f/p - gnoll sergeant
Aim: a gnoll sergeant, wielding a +0 spear and wearing a +0 ring mail (almost dead, 62% to hit)
You throw a javelin.
The javelin barely misses the gnoll sergeant.
The javelin pierces through the gnoll but does no damage.
The gnoll sergeant hits you from afar with a +0 spear.
* * * LOW HITPOINT WARNING * * *
Casting: Magic Dart (safe; 1% risk of failure)
Confirm with . or Enter, or press ? or * to list all spells.
The spell is quite dangerous to miscast (11% risk of failure)!
Continue anyway?
You erupt in a blast of force!
The mystic blast hits the gnoll sergeant!
You kill the gnoll sergeant!
You hear a bark!
Training target 6.0 for Spellcasting reached!
Your Spellcasting skill increases to level 6!
You need to enable at least one skill for training.
Casting: Iskenderun's Mystic Blast (quite dangerous; 11% risk of failure)
Confirm with . or Enter, or press ? or * to list all spells.
Aiming: Magic Dart (safe; 1% risk of failure)
Press: ? - help, Shift-Dir - straight line, f - gnoll
Aim: a gnoll, wielding a +0 whip (100% to hit)
The magic dart hits the gnoll but does no damage.
You hit the gnoll but do no damage. You grab the gnoll.
You constrict the gnoll. The gnoll hits you with a +0 whip.
* * * LOW HITPOINT WARNING * * *
You hit the gnoll but do no damage.
The gnoll is lightly wounded.
You constrict the gnoll, but do no damage.
The gnoll misses you. The gnoll hits you with a +0 whip.
* * * LOW HITPOINT WARNING * * *
You hit the gnoll but do no damage.
The gnoll is lightly wounded.
You constrict the gnoll. The gnoll hits you with a +0 whip.
You die...

...........#
##.#
#.###..####
#..hg.....(#
..########.#
#.# #)# #g#
#@#
#.########รท#
...........#
........####
...####.# #
#.# #.# #.#
#.# #########


You could see a gnoll.

Vanquished Creatures
  Prince Ribbit (D:6)
  An ogre (D:4)
  A phantom (D:5)
  2 bullfrogs
  A gnoll sergeant (D:6)
  2 scorpions
  A necrophage (D:4)
  A howler monkey (D:6)
  3 hounds
  An orc priest (D:4)
  2 orc wizards (D:4)
  10 gnolls
  3 adders
  A shadow imp (D:5)
  An ufetubus (D:5)
  A worm (D:2)
  2 dart slugs (D:3)
  18 orcs
  6 endoplasms
  8 giant cockroaches
  7 goblins
  7 hobgoblins
  15 kobolds
  8 quokkas
  10 ball pythons
  6 bats
  A frilled lizard (D:1)
  10 rats
130 creatures vanquished.

Vanquished Creatures (others)
  5 plants (D:1)
  4 toadstools (D:1)
9 creatures vanquished.

Grand Total: 139 creatures vanquished

Notes
Turn   | Place    | Note
-------+----------+-------------------------------------------
     0 | D:1      | raistware the Octopode Conjurer began the quest for the
                  | Orb.
     0 | D:1      | Reached XP level 1. HP: 11/11 MP: 3/3
   228 | D:1      | Reached XP level 2. HP: 17/17 MP: 2/5
   493 | D:1      | Found a faded altar of an unknown god.
   884 | D:1      | Reached XP level 3. HP: 21/21 MP: 5/7
  1379 | D:2      | Noticed Robin
  1384 | D:2      | Noticed Terence
  1943 | D:2      | Noticed Sigmund
  2128 | D:3      | Found a glowing silver altar of Zin.
  2158 | D:3      | Noticed a scorpion
  2165 | D:3      | Killed a scorpion
  2166 | D:3      | Reached XP level 4. HP: 21/27 MP: 1/10
  2171 | D:3      | Learned a level 4 spell: Iskenderun's Mystic Blast
  2251 | D:3      | Reached XP level 5. HP: 31/31 MP: 7/11
  2499 | D:3      | Reached skill level 5 in Conjurations
  2516 | D:3      | Reached skill level 1 in Translocations
  3003 | D:3      | Found an opulent altar of Gozag.
  3566 | D:4      | Reached XP level 6. HP: 36/36 MP: 3/12
  3686 | D:4      | Reached skill level 6 in Conjurations
  4433 | D:4      | Found a hazy altar of Hepliaklqana.
  4571 | D:4      | Found a glowing golden altar of the Shining One.
  4571 | D:4      | Found a shimmering altar of Xom.
  4579 | D:4      | Found a faded altar of an unknown god.
  4581 | D:4      | Found a sparkling altar of Nemelex Xobeh.
  4583 | D:4      | Found a faded altar of an unknown god.
  4665 | D:4      | Reached XP level 7. HP: 35/41 MP: 0/13
  4989 | D:5      | Entered Level 5 of the Dungeon
  5001 | D:5      | Reached skill level 7 in Conjurations
  5319 | D:5      | Identified the +2 leather armour "Qodwydad" {Int+6 Dex-2}
  5733 | D:5      | Reached skill level 8 in Conjurations
  5923 | D:5      | Reached skill level 1 in Air Magic
  6196 | D:6      | Noticed Prince Ribbit
  6200 | D:6      | Found a staircase to the Ecumenical Temple.
  6221 | D:6      | Reached XP level 8. HP: 9/47 MP: 1/14
  6226 | D:6      | Reached skill level 1 in Fighting
  6226 | D:6      | Reached skill level 1 in Evocations
  6229 | D:6      | Killed Prince Ribbit
  6230 | D:6      | Reached skill level 5 in Spellcasting
  6528 | D:6      | Slain by a gnoll

Illustrated notes

Levels and vault maps discovered:
D:1:      ldierk_water_garden, layout_basic, chequers_ecumenical_altar_simple,
          serial_bayou, serial_bayou_shore_a, serial_bayou_crossing,
          serial_bayou_pond_c, serial_bayou_pond_d
D:2:      layout_rooms, minmay_misc_feat_iff, uniq_sigmund, uniq_natasha,
          uniq_crazy_yiuf_cottage, uniq_terence, uniq_robin
D:3:      layout_loops_ring, mainiacjoe_overflow_concentric_impassable,
          marbit_many_paths, gup_sewer_entry_pipe
D:4:      layout_basic, mainiacjoe_overflow_cross_hatched,
          chequers_temple_overflow_minitemple, patterned_corridor
D:5:      layout_loops_ring, st_stairs_8, kennysheep_doodads
D:6:      layout_loops_ring, minmay_temple_entry_waves, uniq_prince_ribbit1

Skill      XL: |  1  2  3  4  5  6  7  8 |
---------------+-------------------------+-----
Spellcasting   | 3 4 6 |  6.0
Conjurations   | 5 6 8 |  8.0
Translocations | 1 2 |  2.0
Air Magic      | 1 |  1.0
Fighting       | 1 |  1.0
Evocations     | 1 |  1.0
Dodging        | |  2.2
Stealth        | |  2.6

Action                   |  1- 3 |  4- 6 |  7- 9 || total
-------------------------+-------+-------+-------++-------
Melee: Unarmed           |     9 |     5 |       ||    14
       Constrict         |     2 |     5 |     9 ||    16
       Tentacles         |     2 |     4 |    10 ||    16
       Staff             |       |     9 |    56 ||    65
       Punch             |       |     1 |     4 ||     5
Throw: Javelin           |       |     3 |     8 ||    11
 Cast: Magic Dart        |    84 |   131 |    56 ||   271
       Iskenderun's Myst |       |     3 |    11 ||    14
  Use: Potion            |       |     1 |     2 ||     3
 Stab: Sleeping          |     1 |     2 |       ||     3
Armor: Skin              |     2 |     1 |    21 ||    24
Dodge: Dodged            |     9 |    10 |    41 ||    60
